 Dungeon Crawl Stone Soup version 0.30-a0-341-g682706514a (webtiles) character file.

Game seed: 13427466923480108849

287320 ragingrage the Cryomancer (level 19, 0/166 HPs)
             Began as a Green Draconian Ice Elementalist on Nov 1, 2022.
             Was an Elder of Uskayaw.
             Slain by a saltling (10 damage)
             ... on level 2 of the Elven Halls.
             The game lasted 01:57:31 (52363 turns).

ragingrage the Cryomancer (DrIE)                   Turns: 52363, Time: 01:57:32

Health: 0/166      AC: 12    Str: 10    XL:     19   Next: 85%
Magic:  12/38      EV: 15    Int: 47    God:    Uskayaw [****..]
Gold:   358        SH: 16    Dex:  9    Spells: 4/48 levels left

rFire   + . .      SeeInvis +    N - +6 scimitar "Sycsif" {freeze, rElec Will- Int+6 Dex-4}
rCold   + . .      Faith    .    P - +4 kite shield of Usuil {Int+6}
rNeg    . . .      Spirit   .    (body armour unavailable)
rPois   +          Reflect  .    F - +0 mask of the Dragon {Will+ Slay+3 SInv}
rElec   +          Harm     .    u - scarf {rC+ rF+}
rCorr   .          Rampage  .    R - +0 pair of gloves
Will    +....                    S - +0 pair of boots
Stlth   ++........               Y - amulet of magic regeneration
HPRegen 0.47/turn                h - +6 ring of intelligence
MPRegen 0.66/turn                m - +6 ring of intelligence

@: very slightly contaminated, hasted and slowed, studying Shields
A: breathe noxious fumes, AC +10, unfitting armour, stinger 1, poison
resistance, cold-blooded, screaming 1
}: 2/15 runes: serpentine, barnacled
a: Breathe Noxious Fumes, Renounce Religion, Stomp, Line Pass


You were on level 2 of the Elven Halls.
You worshipped Uskayaw.
Uskayaw was noncommittal.
You visited 7 branches of the dungeon, and saw 33 of its levels.
You also visited: Sewer and Desolation.

You collected 4405 gold pieces.
You spent 4047 gold pieces at shops.

Inventory:

Hand Weapons
 N - the +6 scimitar "Sycsif" (weapon) {freeze, rElec Will- Int+6 Dex-4}
   (You bought it in a shop on level 1 of the Dungeon)

   It freezes those it strikes, dealing additional cold damage.
   It can also slow down cold-blooded creatures.
   Int:       It affects your intelligence (+6).
   Dex:       It affects your dexterity (-4).
   rElec:     It insulates you from electricity.
   Will:      It decreases your willpower.
Missiles
 v - 6 throwing nets
 H - 17 curare-tipped darts
Armour
 u - a scarf of resistance (worn)
 F - the +0 mask of the Dragon (worn) {Will+ Slay+3 SInv}
   (You acquired it on level 11 of the Dungeon)

   Slay:      It affects your accuracy & damage with ranged weapons and melee
   (+3).
   SInv:      It lets you see invisible.
   Will:      It increases your willpower.
 P - the +4 kite shield of Usuil (worn) {Int+6}
   (You acquired it on level 11 of the Dungeon)

   Int:       It affects your intelligence (+6).
 R - a +0 pair of gloves (worn)
 S - a +0 pair of boots (worn)
 V - a scarf of repulsion
Jewellery
 e - a ring of flight
 h - a +6 ring of intelligence (left hand)
 m - a +6 ring of intelligence (right hand)
 z - the amulet "Yppeunuo" {rN+ Will+ Regen+}
   (You acquired it on level 11 of the Dungeon)

   [amulet of regeneration]

   rN:        It protects you from negative energy.
   Regen:     It increases your rate of health regeneration.
   Will:      It increases your willpower.
 D - a ring of ice
 I - a +4 ring of protection
 Y - an amulet of magic regeneration (around neck)
Wands
 o - a wand of charming (12)
 G - a wand of mindburst (5)
 K - a wand of polymorph (4)
 O - a wand of flame (30)
 Q - a wand of quicksilver (8)
 W - a wand of digging (18)
 Z - a wand of iceblast (4)
Scrolls
 b - 6 scrolls of enchant armour
 c - 6 scrolls of magic mapping
 d - a scroll of silence
 g - 28 scrolls of identify
 i - 2 scrolls of amnesia
 k - 4 scrolls of blinking
 r - 4 scrolls of enchant weapon
 t - 4 scrolls of fear
 w - 10 scrolls of teleportation
 A - 3 scrolls of poison
 B - 2 scrolls of butterflies
 C - 6 scrolls of vulnerability
 J - 9 scrolls of immolation
 T - 2 scrolls of brand weapon
Potions
 a - 6 potions of magic
 f - 11 potions of lignification
 j - 11 potions of flight
 l - 7 potions of curing
 n - 8 potions of haste
 p - a potion of invisibility
 q - 3 potions of ambrosia
 x - 8 potions of heal wounds
 E - 4 potions of brilliance
 L - 7 potions of attraction
 M - a potion of berserk rage
 U - a potion of might
Miscellaneous
 s - a condenser vane


   Skills:
 + Level 13.6 Fighting
 + Level 12.7 Dodging
 - Level 1.7 Stealth
 + Level 14.5 Shields
 - Level 15.0 Spellcasting
 - Level 10.0 Summonings
 - Level 9.0 Necromancy
 + Level 21.2 Ice Magic


You had 4 spell levels left.
You knew the following spells:

 Your Spells              Type           Power      Damage    Failure   Level
a - Ozocubu's Armour      Ice            100%       N/A       0%          3
b - Frozen Ramparts       Ice            100%       1d16      0%          3
c - Summon Guardian Gole  Hex/Summ       70%        N/A       1%          3
d - Summon Ice Beast      Ice/Summ       100%       N/A       1%          4
e - Call Canine Familiar  Summ           92%        N/A       1%          3
f - Ozocubu's Refrigerat  Ice            62%        4d21      1%          7
g - Simulacrum            Ice/Necr       54%        N/A       1%          6
h - Polar Vortex          Ice            62%        N/A       21%         9
i - Summon Cactus Giant   Summ           46%        N/A       3%          6

Your spell library contained the following spells:

 Spells                   Type           Power      Damage    Failure   Level
 Freeze                   Ice            100%       1d10      0%          1
 Apportation              Tloc           70%        N/A       1%          1
 Necrotise                Necr           100%       1d9       1%          1
 Slow                     Hex            100%       N/A       1%          1
 Summon Small Mammal      Summ           100%       N/A       1%          1
 Ensorcelled Hibernation  Hex/Ice        100%       N/A       1%          2
 Passwall                 Tmut/Erth      29%        N/A       1%          2
 Scorch                   Fire           70%        2d8       1%          2
 Hailstorm                Conj/Ice       94%        3d19      1%          3
 Vampiric Draining        Necr           88%        2d12      1%          3
 Anguish                  Hex/Necr       33%        N/A       1%          4
 Ice Form                 Ice/Tmut       94%        N/A       1%          4
 Confusing Touch          Hex            35%        N/A       3%          3
 Gell's Gravitas          Tloc           35%        N/A       3%          3
 Ignite Poison            Fire/Tmut/Pois 35%        N/A       3%          3
 Kindle Blastsparks       Fire/Tloc/Air  70%        2d15      3%          3
 Lesser Beckoning         Tloc           70%        N/A       3%          3
 Spider Form              Tmut/Pois      35%        N/A       3%          3
 Stone Arrow              Conj/Erth      70%        3d11      3%          3
 Teleport Other           Tloc           35%        N/A       3%          3
 Tukima's Dance           Hex            35%        N/A       3%          3
 Vhi's Electric Charge    Tloc/Air       70%        N/A       3%          3
 Flame Wave               Conj/Fire      35%        2d10      12%         4
 Passage of Golubria      Tloc           35%        N/A       12%         4
 Petrify                  Tmut/Erth      35%        N/A       12%         4
 Agony                    Necr           88%        N/A       1%          5
 Freezing Cloud           Conj/Ice/Air   40%        6-21      1%          5
 Metabolic Englaciation   Hex/Ice        47%        N/A       1%          5
 Alistair's Intoxication  Tmut/Pois      23%        N/A       32%         5
 Blade Hands              Tmut           17%        N/A       32%         5
 Irradiate                Conj/Tmut      17%        3d17      32%         5
 Yara's Violent Unravell  Hex/Tmut       17%        3d8       32%         5
 Malign Gateway           Summ/Tloc      35%        N/A       77%         7
 Spellforged Servitor     Conj/Summ      35%        N/A       77%         7
 Statue Form              Tmut/Erth      23%        N/A       87%         6
 Dragon Form              Tmut           17%        N/A       100%        7
 Orb of Destruction       Conj           17%        9d7       100%        7
 Lehudib's Crystal Spear  Conj/Erth      17%        10d5      100%        8
 Animate Armour           Summ/Erth      Unusable   N/A       N/A         4

Dungeon Overview and Level Annotations

Branches:
Dungeon (15/15)            Temple (0/1) D:6            Lair (5/5) D:8
 Shoals (4/4) Lair:2        Snake (4/4) Lair:3        Slime (0/5) Lair:4
    Orc (2/2) D:11            Elf (2/3) Orc:2        Vaults (1/5) D:14
 Depths (0/4) D:15          Sewer (visited)         Desolation (visited)

Altars:
Ashenzari
Dithmenos
Elyvilon
Fedhas
Hepliaklqana
Makhleb
Ru
Sif Muna
Trog
Uskayaw
Zin
Jiyva
Lugonu

Shops:
D:1 (   D:4 *   D:15 *   Orc:2 ([*:   Shoals:1 *   Shoals:2 (   Shoals:3 *
Shoals:4 *

Portals:
Abyss: Lair:5

Annotations:
D:2 exclusion: downstairs
D:10 1 runed translucent door
D:11 exclusion: downstairs
D:12 exclusion: downstairs
D:13 exclusion: downstairs
Shoals:4 3 runed translucent doors, jejorda2's ghost, adept MfBe
Snake:2 exclusion: upstairs
Vaults:1 1 transporter


Innate Abilities, Weirdness & Mutations

You can breathe blasts of noxious fumes.
Your lurid green scales are hard. (AC +10)
You cannot fit into any form of body armour.
Your tail ends in a venomous barb.
Your system is resistant to poisons. (rPois)
You are cold-blooded and may be slowed by cold attacks.
You occasionally shout uncontrollably at your foes.


Message History

You can now merge with and destroy a victim.
The air resumes its normal movements.
You kill the servant of whispers!
You kill the guardian serpent!
A saltling comes into view. x2
You destroy the peacekeeper!
The winds around you start to calm down.
You float gracefully downwards.
You hear a shout!
You are engulfed in whirling frost.
You yell at the saltling!
A saltling comes into view.
You are engulfed in whirling frost.
You hear a shout!
You feel your willpower return. The winds around you calm down.
A ragged hierophant comes into view. It is wielding a +0 rapier.
A saltling comes into view.
The ragged hierophant gestures wildly while chanting.
The ragged hierophant begins to accept its allies' injuries.
The ragged hierophant gestures at you while chanting.
A blast of power from the earth strikes you!
* * * LOW HITPOINT WARNING * * *
The saltling hits you!
* * * LOW HITPOINT WARNING * * *
There is a gate leading back out of this place, spattered with blood here.
You block the saltling's attack. x2
The ragged hierophant gestures at you while chanting.
A blast of power from the earth and the saltlings strikes you!
* * * LOW HITPOINT WARNING * * *
Welcome back to the Elven Halls!
You can no longer merge with and destroy a victim.
There is a collapsed entrance here.
Casting: Polar Vortex (dangerous; 21% risk of failure)
Confirm with . or Enter, or press ? or * to list all spells.
The saltling hits you!
* * * LOW HITPOINT WARNING * * *
You block the saltling's attack. The saltling attacks as you move away!
The saltling hits you!
* * * LOW HITPOINT WARNING * * *
The saltling attacks as you move away! The saltling hits you!
You die...

.....#.)......#
....>).).>....#
...........:..###
..)....(........##
.....#........#..####
....##.........§§§§.#
##++##........§§§§§.#
#.......§C..9§.#
#.......§§.@9§.######.#
+.......§.§.§§........#
+.........§§§§........#
#.......#####...#######
##.....## ##### ##...##
#####


You could see 2 saltlings and a friendly cactus giant (summoned).

Vanquished Creatures
  Saint Roka (Orc:2)
  A sphinx (Vaults:1)
  Polyphemus (Shoals:2)
  Ilsuiw (Shoals:4)
  5 vault wardens (Vaults:1)
  3 ironbound preservers (Vaults:1)
  A very ugly thing (Vaults:1)
  An ironbound thunderhulk (Vaults:1)
  2 elemental wellsprings (Shoals:2)
  A deep elf annihilator (Elf:1)
  A dire elephant (Vaults:1)
  The ghost of Posofib the Peltast, a journeyman MiFi of Cheibriados (D:13)
  5 merfolk impalers
  2 merfolk javelineers (Shoals:4)
  A fire dragon (D:15)
  An entropy weaver (Vaults:1)
  A yaktaur captain (Vaults:1)
  A salamander tyrant (Snake:4)
  2 servants of whispers (Desolation)
  4 ragged hierophants (Desolation)
  A great orb of eyes (Vaults:1)
  6 centaur warriors
  A catoblepas (Shoals:2)
  3 peacekeepers (Desolation)
  3 vault guards (Vaults:1)
  3 boulder beetles
  An ironbound frostheart (Vaults:1)
  3 two-headed ogres
  2 satyrs (Shoals:4)
  4 merfolk aquamancers
  3 anacondas
  A naga warrior (Snake:4)
  3 merfolk avatars
  A tengu warrior (D:14)
  3 death yaks
  2 shock serpents (Snake:4)
  An orc high priest (Orc:2)
  3 naga sharpshooters
  Sonja (Lair:5)
  10 deep elf knights
  3 sea snakes
  4 deep trolls
  5 ironbound convokers
  3 wizards
  6 deep elf archers (Elf:1)
  A glowing orange brain (Vaults:1)
  2 orc knights
  2 orc sorcerers
  A mana viper (Snake:3)
  9 deep elf pyromancers (Elf:1)
  14 deep elf zephyrmancers
  4 manticores
  9 fauns
  A necromancer (Vaults:1)
  An ugly thing (Vaults:1)
  4 cyclopes
  An elephant (Lair:1)
  3 merfolk sirens
  8 black mambas
  A vault sentinel (Vaults:1)
  3 guardian serpents (Desolation)
  2 torpor snails (Lair:3)
  Joseph (D:7)
  2 naga magi
  A rime drake (Lair:2)
  Maggie (D:7)
  4 kobold demonologists (D:13)
  3 cane toads
  7 yaktaurs (Vaults:1)
  4 komodo dragons
  A tengu conjurer (D:14)
  12 merfolk
  2 trolls
  A meliai (D:15)
  4 wind drakes
  A hornet (D:10)
  22 saltlings (Desolation)
  A slime creature (Vaults:1)
  4 snapping turtles
  2 dream sheep (Lair:3)
  9 blink frogs
  2 ynoxinuls (Lair:5)
  A jumping spider (shapeshifter) (Elf:1)
  20 yaks
  2 wraiths
  10 water elementals
  5 hogs (D:14)
  A basilisk (Lair:5)
  A fire elemental (Elf:2)
  6 humans (D:14)
  4 vampire mosquitoes
  8 steam dragons
  4 small abominations (Lair:5)
  Menkaure (D:5)
  A warg (D:8)
  2 swamp worms (D:9)
  A naga (Snake:2)
  An acid dragon (D:9)
  Duvessa (D:7)
  5 water moccasins
  The ghost of purpskrrrp the Ruffian, an amateur TrFi (D:3)
  18 orc warriors
  A black bear (D:6)
  2 ice beasts
  3 wolves
  4 ogres
  3 boggarts
  7 centaurs
  A phantom (D:5)
  10 kobold brigands
  5 gnoll sergeants
  4 bullfrogs
  3 necrophages
  2 scorpions
  9 wights
  Dowan (D:7)
  A killer bee (D:7)
  4 howler monkeys
  7 hounds
  2 jellies
  12 orc priests
  5 iguanas
  18 orc wizards
  18 gnolls
  11 adders
  4 river rats (Sewer)
  A white imp (D:6)
  6 worms
  3 dart slugs
  65 orcs
  12 endoplasms
  7 giant cockroaches
  11 goblins
  10 hobgoblins
  6 jackals
  5 quokkas
  12 ball pythons
  20 bats
  4 frilled lizards
  2 kobolds
  8 rats
  A spectral hobgoblin (D:9)
665 creatures vanquished.

Vanquished Creatures (collateral kills)
  Zenata (Vaults:1)
  Mlioglotl (Snake:1)
  Asterion (Snake:3)
  Kirke (D:14)
  Roxanne (Snake:3)
  A nagaraja (Snake:4)
  A vault warden (Vaults:1)
  A very ugly thing (Vaults:1)
  6 ironbound preservers (Vaults:1)
  A dire elephant (Vaults:1)
  4 merfolk javelineers
  2 merfolk impalers (Shoals:4)
  A ragged hierophant (Desolation)
  3 great orbs of eyes (Vaults:1)
  A yaktaur captain (Vaults:1)
  3 salamander tyrants (Snake:4)
  Harold (D:9)
  A peacekeeper (Elf:2)
  An alligator snapping turtle (Shoals:1)
  4 hydras
  An ironbound frostheart (Vaults:1)
  A merfolk avatar (Shoals:3)
  4 merfolk aquamancers
  9 centaur warriors
  8 anacondas
  3 boulder beetles
  5 dancing weapons
  A deep troll earth mage (Vaults:1)
  3 two-headed ogres
  9 death yaks
  10 naga warriors
  2 orc high priests (Orc:2)
  3 thrashing horrors (Lair:5)
  9 naga sharpshooters
  6 shock serpents
  A fire crab (shapeshifter) (D:14)
  Lodul (D:14)
  8 sea snakes
  6 salamander mystics (Snake:4)
  13 deep trolls (Vaults:1)
  A deep elf archer (Elf:1)
  6 naga ritualists
  10 mana vipers
  A harpy (Vaults:1)
  4 lindwurms
  2 oklob plants
  An orc knight (D:15)
  3 cyclopes
  2 deep elf zephyrmancers
  An orc sorcerer (Orc:1)
  5 deep elf pyromancers
  6 manticores
  10 ugly things
  2 elephants (Lair:1)
  20 salamanders
  3 merfolk sirens (Shoals:1)
  A vault sentinel (Vaults:1)
  9 guardian serpents
  16 naga magi
  38 black mambas
  5 water nymphs
  7 cane toads
  A gargoyle (D:10)
  A torpor snail (Lair:4)
  7 rime drakes (Lair:2)
  5 komodo dragons
  5 yaktaurs (Vaults:1)
  An ancient zyme (Lair:5)
  13 merfolk
  A polar bear (Lair:3)
  4 trolls
  2 meliai (D:15)
  5 wind drakes
  10 blink frogs
  5 saltlings
  10 slime creatures
  5 snapping turtles
  5 dream sheep (Lair:3)
  2 spriggans (Lair:5)
  A wyvern (Lair:5)
  33 yaks
  10 water elementals
  2 ynoxinuls (Lair:5)
  6 small abominations (Lair:5)
  10 humans (D:14)
  4 basilisks (Lair:5)
  4 steam dragons (Lair:2)
  A chaos spawn (Lair:5)
  12 vampire mosquitoes
  2 wargs
  36 nagas
  10 water moccasins
  An acid dragon (D:14)
  14 orc warriors
  An ice beast (D:7)
  7 ogres
  7 wolves
  2 boggarts (Vaults:1)
  7 centaurs
  4 bullfrogs
  3 earth elementals
  5 wights (D:7)
  5 orc priests
  An iguana (D:7)
  8 orc wizards
  7 gnolls
  An ufetubus (D:7)
  26 orcs
  2 bats (Lair:2)
  A goblin (D:8)
  A hobgoblin (D:8)
  A tentacle (Shoals:1)
609 creatures vanquished.

Vanquished Creatures (others)
  A kraken (Shoals:1)
  2 nagarajas (Snake:4)
  An ironbound preserver (Vaults:1)
  An ice dragon (D:15)
  A hydra (D:13)
  A centaur warrior (D:13)
  An ironbound frostheart (Vaults:1)
  A death yak (D:8)
  A thrashing horror (Lair:5)
  Urug (D:14)
  A merfolk aquamancer (Shoals:4)
  A deep troll (Vaults:1)
  A wizard (Vaults:1)
  A deep elf archer (Elf:1)
  4 ugly things
  A deep elf pyromancer (D:14)
  A black mamba (Snake:1)
  A cane toad (Lair:2)
  A rime drake (Lair:2)
  A merfolk (Shoals:1)
  2 trolls (D:12)
  5 blink frogs
  2 slime creatures (D:15)
  10 yaks
  2 water elementals
  A shadow (D:12)
  A ynoxinul (Lair:5)
  2 vampire mosquitoes (D:14)
  A basilisk (Lair:5)
  4 steam dragons (Lair:2)
  A warg (D:15)
  6 nagas
  An orc warrior (D:15)
  A centaur (D:13)
  2 small abominations (Lair:5)
  A goblin (D:8)
  70 fungi
  190 plants
  2 starspawn tentacles (Snake:1)
  9 tentacles (Shoals:1)
  2 withered plants (Desolation)
339 creatures vanquished.

Grand Total: 1613 creatures vanquished

Notes
Turn   | Place    | Note
-------+----------+-------------------------------------------
     0 | D:1      | ragingrage the Draconian Ice Elementalist began the quest
                  | for the Orb.
     0 | D:1      | Reached XP level 1. HP: 14/14 MP: 3/3
    61 | D:1      | Found Imurunk's Weapon Shoppe.
   157 | D:1      | Reached XP level 2. HP: 20/20 MP: 3/5
   784 | D:2      | Reached skill level 5 in Ice Magic
   813 | D:2      | Reached XP level 3. HP: 22/26 MP: 4/6
   824 | D:2      | Learned a level 3 spell: Frozen Ramparts
  1208 | D:2      | Found a faded altar of an unknown god.
  1232 | D:2      | Prayed at the altar of an unknown god.
  1232 | D:2      | Became a worshipper of Uskayaw the Reveller
  1232 | D:2      | Reached * piety under Uskayaw
  1276 | D:2      | Reached ** piety under Uskayaw
  1352 | D:2      | Reached XP level 4. HP: 33/33 MP: 5/7
  1498 | D:3      | Noticed an ice beast
  1533 | D:2      | Learned a level 3 spell: Ozocubu's Armour
  1568 | D:3      | Reached *** piety under Uskayaw
  1569 | D:3      | Killed an ice beast
  1570 | D:3      | Reached skill level 6 in Ice Magic
  1570 | D:3      | Reached XP level 5. HP: 38/38 MP: 5/8
  2200 | D:3      | Reached skill level 7 in Ice Magic
  2226 | D:3      | Found a runed translucent gate.
  2226 | D:3      | Noticed purpskrrrp's ghost (amateur TrFi)
  2227 | D:3      | Found a runed translucent gate.
  2227 | D:3      | Found a runed translucent gate.
  2445 | D:3      | Found a glowing silver altar of Zin.
  2953 | D:4      | Got the Spellbook of the Shifting Wayfarer
  3039 | D:4      | Found Tuaqyam's General Store.
  3043 | D:4      | Bought a potion of heal wounds for 60 gold pieces
  3043 | D:4      | Bought a scroll of teleportation for 36 gold pieces
  3045 | D:4      | Noticed an ice beast
  3070 | D:4      | Killed an ice beast
  3071 | D:4      | Reached XP level 6. HP: 45/45 MP: 6/9
  3341 | D:4      | Reached skill level 8 in Ice Magic
  3467 | D:4      | Reached **** piety under Uskayaw
  3664 | D:4      | Your scales start taking on a lurid green colour.
  3664 | D:4      | Reached XP level 7. HP: 41/50 MP: 6/10
  3664 | D:4      | Gained mutation: Your system is resistant to poisons.
                  | (rPois) [Green Draconian growth]
  3745 | D:4      | Reached skill level 9 in Ice Magic
  3914 | D:5      | Entered Level 5 of the Dungeon
  4017 | D:5      | Noticed Menkaure
  4297 | D:5      | Found a glowing drain.
  4327 | Sewer    | Entered a sewer
  4871 | Sewer    | Reached skill level 10 in Ice Magic
  4899 | Sewer    | Reached XP level 8. HP: 57/57 MP: 7/11
  5315 | D:5      | Found a white marble altar of Elyvilon.
  5340 | D:5      | Killed Menkaure
  5354 | D:5      | Gained mutation: Your body sometimes deteriorates upon
                  | taking damage. [potion of mutation]
  6006 | D:5      | Reached skill level 11 in Ice Magic
  6313 | D:5      | Learned a level 4 spell: Summon Ice Beast
  6396 | D:6      | Reached skill level 1 in Fighting
  6396 | D:6      | Reached skill level 1 in Summonings
  6455 | D:6      | Found a shadowy altar of Dithmenos.
  6926 | D:6      | Found a staircase to the Ecumenical Temple.
  7127 | D:6      | Reached XP level 9. HP: 61/68 MP: 1/12
  7786 | D:7      | Noticed Duvessa
  7786 | D:7      | Noticed Dowan
  7795 | D:7      | Noticed Joseph
  7796 | D:7      | Killed Duvessa
  7797 | D:7      | Noticed Maggie
  7801 | D:7      | Killed Dowan
  7813 | D:7      | Reached ***** piety under Uskayaw
  7814 | D:7      | Killed Joseph
  7823 | D:7      | Killed Maggie
  7824 | D:7      | Reached skill level 12 in Ice Magic
  7827 | D:7      | Identified the +3 quarterstaff "Lyfiq" {venom, rElec Str-4
                  | Dex+9}
  8154 | D:7      | Reached skill level 5 in Fighting
  8484 | D:7      | Noticed a cyclops
  8538 | D:7      | Killed a cyclops
  8539 | D:7      | Reached skill level 5 in Dodging
  8539 | D:7      | Reached XP level 10. HP: 44/82 MP: 1/13
  9630 | D:8      | Found a staircase to the Lair.
  9752 | D:8      | Found a bloodstained altar of Trog.
 10288 | D:9      | Found a broken altar of Ashenzari.
 10448 | D:9      | Found a hazy altar of Hepliaklqana.
 10569 | D:9      | Found a hide-covered altar of Uskayaw.
 11035 | D:9      | Reached skill level 13 in Ice Magic
 11169 | D:9      | Noticed Harold
 11178 | D:9      | Killed Harold
 11193 | D:9      | Reached ****** piety under Uskayaw
 11196 | D:9      | Reached XP level 11. HP: 92/95 MP: 5/14
 11895 | D:10     | Entered Level 10 of the Dungeon
 12368 | D:10     | Found a sacrificial altar of Ru.
 12383 | D:10     | Noticed a two-headed ogre
 12391 | D:10     | Killed a two-headed ogre
 12654 | D:10     | Noticed a centaur warrior
 12663 | D:10     | Killed a centaur warrior
 12873 | D:10     | Found a runed translucent door.
 12874 | D:10     | Found a burning altar of Makhleb.
 12874 | D:10     | Noticed a sixfirhy
 13000 | D:11     | Noticed a boulder beetle
 13081 | Lair:1   | Entered Level 1 of the Lair of Beasts
 13327 | Lair:1   | Reached skill level 10 in Fighting
 13538 | Lair:1   | Noticed a death yak
 13648 | Lair:1   | Reached skill level 5 in Summonings
 13745 | Lair:1   | Noticed a death yak
 13745 | Lair:1   | Noticed a death yak
 13767 | Lair:1   | Killed a death yak
 13867 | Lair:1   | Noticed a death yak
 13867 | Lair:1   | Noticed a death yak
 14017 | Lair:1   | Noticed a death yak
 14021 | Lair:1   | Killed a death yak
 14229 | D:11     | Noticed a white ugly thing
 14251 | D:10     | Learned a level 3 spell: Call Canine Familiar
 14274 | D:11     | Killed a boulder beetle
 14513 | D:11     | Found a staircase to the Orcish Mines.
 14522 | D:11     | Reached XP level 12. HP: 80/106 MP: 5/15
 14537 | D:11     | Noticed a two-headed ogre
 14539 | D:11     | Reached skill level 10 in Dodging
 14547 | D:11     | Killed a two-headed ogre
 14948 | D:11     | Identified 3 scrolls of acquirement
 14950 | D:11     | Acquired the +4 kite shield of Usuil {Int+6}
 14968 | D:11     | Acquired the +0 mask of the Dragon {Will+ Slay+3 SInv}
 14968 | D:11     | Found the +0 mask of the Dragon {Will+ Slay+3 SInv}
 14975 | D:11     | Acquired the amulet "Yppeunuo" {rN+ Will+ Regen+}
 15005 | D:11     | Reached skill level 1 in Shields
 15317 | D:11     | Noticed a boulder beetle
 15346 | D:11     | Killed a boulder beetle
 15601 | Orc:1    | Entered Level 1 of the Orcish Mines
 15634 | Orc:2    | Entered Level 2 of the Orcish Mines
 15634 | Orc:2    | Found a staircase to the Elven Halls.
 17209 | Orc:2    | Found Guun Tari's Assorted Antiques.
 17262 | Orc:2    | Bought a scroll labelled WUMUNN YPTA for 30 gold pieces
 17262 | Orc:2    | Bought a scroll of teleportation for 90 gold pieces
 17262 | Orc:2    | Bought a ruby potion for 27 gold pieces
 17427 | Orc:2    | Noticed an orc high priest
 17428 | Orc:2    | Reached skill level 5 in Shields
 17432 | Orc:2    | Killed an orc high priest
 17439 | Orc:2    | Noticed an orc high priest
 17451 | Orc:2    | Gained mutation: Your magical capacity is low. (-10% MP) [a
                  | neqoxec]
 17519 | Orc:2    | Killed an orc high priest
 17541 | Orc:2    | Noticed Saint Roka
 17592 | Orc:1    | Learned a level 3 spell: Summon Guardian Golem
 17779 | Orc:2    | HP: 5/106 [Saint Roka/+2 vorpal great sword (31)]
 17779 | Orc:2    | HP: 2/106 [Saint Roka/+2 vorpal great sword (3)]
 18091 | Orc:2    | Killed Saint Roka
 18855 | Orc:2    | Learned a level 4 spell: Ice Form
 18950 | Orc:2    | Found Fiucug's Book Shop.
 18982 | Orc:2    | Bought a book of Ice for 736 gold pieces
 19147 | Orc:2    | Noticed an orc high priest
 19154 | Orc:2    | Killed an orc high priest
 19155 | Orc:2    | Reached skill level 5 in Spellcasting
 19155 | Orc:2    | Reached XP level 13. HP: 113/113 MP: 11/18
 19293 | Orc:2    | Found Huusuck's Antique Weapon Boutique.
 19295 | Orc:2    | Found Wekai's Antique Armour Shop.
 21786 | D:13     | Reached skill level 10 in Summonings
 22061 | D:13     | Found a runed translucent gate.
 22061 | D:13     | Noticed Posofib's ghost (journeyman MiFi)
 22062 | D:13     | Found a runed translucent gate.
 22063 | D:13     | Found a runed translucent gate.
 22438 | D:14     | Noticed Urug
 22438 | D:14     | Noticed Nessos
 22438 | D:14     | Found a gate to the Vaults.
 22473 | D:14     | Your ally Urug died
 22482 | D:14     | Nessos changed into Nessos the cyclops
 22482 | D:14     | Noticed Nessos
 22487 | D:14     | Killed Nessos the cyclops
 23503 | D:14     | Reached skill level 14 in Ice Magic
 23503 | D:14     | Gained mutation: Your tail ends in a venomous barb. [Green
                  | Draconian growth]
 23503 | D:14     | Reached XP level 14. HP: 72/121 MP: 12/24
 23556 | D:14     | Learned a level 6 spell: Simulacrum
 23595 | D:14     | Noticed Lodul
 23610 | D:14     | Killed Lodul
 23922 | D:14     | Reached skill level 1 in Necromancy
 24021 | D:14     | Noticed Kirke
 24169 | D:14     | Killed Kirke
 24410 | D:15     | Entered Level 15 of the Dungeon
 25572 | D:15     | Found a staircase to the Depths.
 25875 | D:15     | Found Ziameint's Neck Hole.
 25883 | D:15     | Bought a scarf of repulsion for 120 gold pieces
 25908 | D:15     | Found a blossoming altar of Fedhas.
 26364 | D:8      | Reached skill level 10 in Spellcasting
 27327 | Lair:2   | Reached skill level 5 in Necromancy
 27746 | Lair:2   | Reached skill level 15 in Ice Magic
 28557 | Lair:2   | Found a staircase to the Shoals.
 29546 | Lair:3   | Found a staircase to the Snake Pit.
 29558 | Lair:3   | Reached XP level 15. HP: 126/126 MP: 16/26
 31300 | Lair:4   | Found a staircase to the Slime Pits.
 31300 | Lair:4   | Found a viscous altar of Jiyva.
 31824 | Lair:5   | Entered Level 5 of the Lair of Beasts
 31987 | Lair:5   | Noticed Sonja
 32008 | Lair:5   | Killed Sonja
 32009 | Lair:5   | Reached skill level 10 in Shields
 33788 | Lair:5   | Lost mutation: Your body sometimes deteriorates upon taking
                  | damage. [potion of mutation]
 33788 | Lair:5   | Lost mutation: Your magical capacity is low. (-10% MP)
                  | [potion of mutation]
 33788 | Lair:5   | Gained mutation: You occasionally shout uncontrollably at
                  | your foes. [potion of mutation]
 33863 | Lair:5   | Reached skill level 16 in Ice Magic
 33888 | Lair:5   | Found a corrupted altar of Lugonu.
 33888 | Lair:5   | Found a one-way gate to the infinite horrors of the Abyss.
 34785 | D:1      | Bought the +6 scimitar "Sycsif" {freeze, rElec Will- Int+6
                  | Dex-4} for 665 gold pieces
 35017 | Snake:1  | Entered Level 1 of the Snake Pit
 36141 | Snake:3  | Reached XP level 16. HP: 84/134 MP: 21/31
 36152 | Snake:3  | Noticed Roxanne
 36165 | Snake:3  | Killed Roxanne
 36497 | Snake:3  | Noticed Asterion
 36525 | Snake:3  | Killed Asterion
 37849 | Snake:4  | Entered Level 4 of the Snake Pit
 38666 | Snake:4  | Reached skill level 17 in Ice Magic
 40552 | Snake:4  | Reached XP level 17. HP: 90/140 MP: 20/33
 40661 | Snake:4  | Reached skill level 18 in Ice Magic
 40963 | Snake:4  | Got a serpentine rune of Zot
 41206 | Snake:1  | Noticed Mlioglotl
 41214 | Snake:1  | Killed Mlioglotl
 41228 | Snake:1  | Acquired 1106 gold pieces
 41510 | Snake:1  | Reached skill level 19 in Ice Magic
 41649 | Snake:1  | Identified the +7 falchion "Oguqaid" {speed, rF- MP+9
                  | Dex+2}
 42204 | Shoals:1 | Entered Level 1 of the Shoals
 42206 | Shoals:1 | Noticed a kraken
 42241 | Shoals:1 | Killed a kraken
 42571 | Shoals:1 | Found Secyoseh's Superlative Supplies.
 43089 | Shoals:1 | Acquired the Quarto of the Lithosphere and the Winter
 43099 | Shoals:1 | Learned a level 7 spell: Ozocubu's Refrigeration
 43157 | Shoals:1 | Learned a level 9 spell: Polar Vortex
 43187 | Shoals:2 | Noticed Polyphemus
 43273 | Shoals:2 | Found Qoack's Weapon Emporium.
 43440 | Shoals:2 | Reached skill level 20 in Ice Magic
 43444 | Shoals:2 | Killed Polyphemus
 44077 | Shoals:3 | Found Miraamis's Assorted Antiques.
 44086 | Shoals:3 | Reached XP level 18. HP: 149/149 MP: 5/34
 44209 | Shoals:3 | Bought a glowing hat for 231 gold pieces
 44209 | Shoals:3 | Bought a scroll of fear for 132 gold pieces
 44760 | Shoals:4 | Entered Level 4 of the Shoals
 44797 | Shoals:4 | Noticed Ilsuiw
 45552 | Shoals:4 | Killed Ilsuiw
 45657 | Shoals:4 | Found Onoschuce's Assorted Antiques.
 45823 | Shoals:4 | Found a runed translucent gate.
 45881 | Shoals:4 | Found a runed translucent gate.
 45885 | Shoals:4 | Found a runed translucent gate.
 45887 | Shoals:4 | Noticed jejorda2's ghost (adept MfBe)
 45975 | Shoals:4 | Got a barnacled rune of Zot
 46291 | D:3      | Killed purpskrrrp's ghost
 46305 | D:3      | Identified the +2 hat "Jidetid" {+Blink rN+}
 46579 | D:13     | Killed Posofib's ghost
 46904 | Elf:1    | Entered Level 1 of the Elven Halls
 47364 | Orc:2    | Bought a book of Scorching for 480 gold pieces
 47712 | Vaults:1 | Entered Level 1 of the Vaults
 47920 | Vaults:1 | Found a transporter.
 48084 | Vaults:1 | Found a shimmering blue altar of Sif Muna.
 48189 | Vaults:1 | Noticed a lich
 48903 | Vaults:1 | Reached XP level 19. HP: 135/161 MP: 17/36
 49676 | Vaults:1 | Noticed Zenata
 49681 | Vaults:1 | Killed Zenata
 50515 | Vaults:1 | Learned a level 6 spell: Summon Cactus Giant
 50958 | Elf:1    | Reached skill level 21 in Ice Magic
 51547 | Shoals:1 | Bought a manual of Shields for 1440 gold pieces
 52118 | Elf:1    | You fall into a shaft and drop 1 floor!
 52155 | Elf:2    | Found a crumbling gateway.
 52180 | Desolati | Entered the Desolation of Salt
 52331 | Desolati | Reached skill level 15 in Spellcasting
 52363 | Elf:2    | Slain by a saltling

Illustrated notes

Levels and vault maps discovered:
D:1:      scummos_arrival_simple_crosswalls, layout_rooms, serial_shops,
          nicolae_square_shop, serial_bayou_pond_e, hex_intersection,
          st_stairs_5, hangedman_decor_points
D:2:      layout_rooms, shapermc_ecumenical_altar_mp_highgroup
D:3:      minmay_angry_zag, layout_basic, mainiacjoe_overflow_cross_hatched,
          nicolae_overflow_hidden_temple, biasface_ghost_orc_armoury
D:4:      layout_gridville, serial_shops, shop
D:5:      mumra_celtic_spiral_tile, layout_basic,
          mainiacjoe_overflow_six_doors_small, gup_sewer_entry_bubbles,
          minivault_1, uniq_menkaure
D:6:      layout_rooms, nicolae_dithmenos_the_darkroom,
          minmay_temple_entry_junction, minmay_misc_feat_rugged,
          serial_park_tiny_1
D:7:      minmay_chambers_of_fours, layout_loops_ring,
          amcnicky_mini_corridor_feature, uniq_maggie, uniq_duvessa, uniq_joseph
D:8:      layout_rooms, trog_hazing_becter, erik_lair_orcish_takeover
D:9:      layout_loops_cross, mainiacjoe_overflow_tiny_flanked,
          nicolae_hepliaklqana_monster_ancestors, marbit_many_paths,
          worms_lemuel, uniq_harold
D:10:     layout_basic, nzn_makhleb_speed_demon,
          nicolae_ru_great_annihilating_truth
D:11:     layout_small_grid, kennysheep_orc_monster_closet_entryway
D:12:     layout_roguey, serial_glass, glass_columns_a, glass_columns_a
D:13:     layout_cave_pools, gammafunk_ghost_nasty_kobolds
D:14:     layout_irregular_city, david_vaults_3, uniq_kirke, uniq_lodul,
          uniq_nessos
D:15:     grunt_enter_depths_hoard, layout_irregular_city, fedhas_altar_2,
          nicolae_shop_sticking_my_neck_out
Lair:1:   layout_chaotic_city, nicolae_lair_lil_pond, grunt_megastairs_2
Lair:2:   layout_chaotic_city, elwin_shoals_entry_rooms, roderic_batcave,
          bobbens_dragon_lair_wall
Lair:3:   layout_gridlike, guppyfry_snake_entry_garden, beast_lair_carwin_4
Lair:4:   layout_gridlike, slime_entry_1, pond, grunt_megastairs_1
Lair:5:   hellmonk_lair_end_abyssal_woods, layout_misc_corridors,
          serial_bayou_shore_b, uniq_sonja
Shoals:1: cheibrodos_shoals_epimethial_gifts, layout_shoals,
          nicolae_alphabet_shops, nicolae_shoals_lost_giant_hut
Shoals:2: layout_shoals, serial_shops, nicolae_shop_statue_plus,
          nicolae_shoals_spring_well_temple, uniq_polyphemus
Shoals:3: layout_shoals, serial_shops, nicolae_stop_n_shop_2
Shoals:4: shoals_end_simple, layout_shoals, shoal_ilsuiw,
          gammafunk_ghost_tricky_traps, serial_shops, nicolae_shop_waterfront
Snake:1:  layout_misc_corridors, hangedman_snake_corridor_cut, uniq_mlioglotl
Snake:2:  layout_basic
Snake:3:  layout_layer_cave, nicolae_integral_box, uniq_asterion, uniq_roxanne
Snake:4:  snake_pit_salamanders_mu, layout_layer_cave,
          nicolae_snake_gridmaze_tees
Orc:1:    cheibrodos_orc_guarddog, layout_diamond_mine, uniq_erica
Orc:2:    grunt_orc_community_town_hall, layout_caves,
          grunt_orc_community_big_house_2, grunt_orc_community_big_house_2,
          grunt_orc_community_house_2, grunt_orc_community_house_1,
          grunt_orc_community_house_1, grunt_orc_community_house_2
Elf:1:    elf_arrival_001, layout_geoelf_octagon, serial_shops, shop,
          hangedman_elf_disciples, grunt_megastairs_3
Elf:2:    elven_hall_of_blades_hangedman_original
          [nicolae_blade_entry_diamond_columns], layout_gridlike,
          portal_desolation_entry_salt, grunt_ministairs_3
Vaults:1: vaults_room_ringed_pool, gammafunk_sealed_library, v_alt_pattern_1,
          dpeg_vaults_monster_box, nicolae_vaults_arrows,
          vaults_room_stairs_pillars, v_misc_13, v_pattern_5,
          nicolae_vaults_little_squares_5, nicolae_vaults_little_squares_4,
          nicolae_vaults_mini_display_case, vaults_room_grunt_arrival_ludios,
          v_misc_11, vaults_dpeg_hooks, layout_vaults_omnibox, uniq_zenata

Skill      XL: |  1  2  3  4  5  6  7  8  9 10 11 12 13 14 15 16 17 18 19 |
---------------+----------------------------------------------------------+-----
Ice Magic      | 5 6 7 8 10 11 12 13 14 15 16 17 20 21 | 21.2
Fighting       | 2 5 8 10 12 13 | 13.6
Dodging        | 3 5 7 9 10 11 12 | 12.7
Summonings     | 2 4 6 9 10 | 10.0
Shields        | 5 8 9 10 13 14 | 14.5
Spellcasting   | 5 8 10 11 12 13 15 | 15.0
Necromancy     | 6 8 9 |  9.0
Stealth        | |  1.7

Action                   |  1- 3 |  4- 6 |  7- 9 | 10-12 | 13-15 | 16-18 | 19-21 || total
-------------------------+-------+-------+-------+-------+-------+-------+-------++-------
Melee: Unarmed           |    37 |       |     4 |       |     2 |       |       ||    43
       Tailslap          |     4 |     6 |    15 |    30 |    84 |    28 |    10 ||   177
       Hand axe          |     2 |    44 |    61 |       |       |       |       ||   107
       Dire flail        |       |       |    24 |   125 |       |       |       ||   149
       Falchion          |       |       |       |    70 |   370 |       |       ||   440
       Scimitar          |       |       |       |       |    16 |   147 |    49 ||   212
Throw: Dart              |       |       |       |    25 |    12 |       |       ||    37
       Throwing net      |       |       |       |     1 |       |       |       ||     1
 Cast: Freeze            |    53 |    49 |    52 |    13 |       |       |       ||   167
       Ozocubu's Armour  |       |     8 |    10 |     9 |    13 |     3 |       ||    43
       Frozen Ramparts   |       |     5 |    34 |    65 |    28 |    32 |     4 ||   168
       Summon Ice Beast  |       |       |    16 |    83 |   109 |    49 |     2 ||   259
       Call Canine Famil |       |       |       |    23 |    99 |    59 |     2 ||   183
       Summon Guardian G |       |       |       |     4 |    94 |    31 |       ||   129
       Ice Form          |       |       |       |     2 |     1 |       |       ||     3
       Simulacrum        |       |       |       |       |    67 |   218 |    32 ||   317
       Ozocubu's Refrige |       |       |       |       |       |   143 |    66 ||   209
       Summon Cactus Gia |       |       |       |       |       |       |    11 ||    11
       Polar Vortex      |       |       |       |       |       |       |     3 ||     3
 Abil: Breathe Noxious F |       |       |     7 |    16 |     7 |     3 |       ||    33
Evoke: Wand              |       |       |       |     6 |    10 |    10 |       ||    26
       Condenser vane    |       |       |       |       |       |     3 |       ||     3
  Use: Potion            |       |       |     4 |     3 |     3 |     5 |     7 ||    22
       Scroll            |       |       |     2 |    17 |     9 |     4 |     3 ||    35
 Stab: Paralysed         |       |     2 |     4 |     8 |     8 |     4 |     2 ||    28
       Distracted        |       |       |     1 |     3 |     6 |     1 |       ||    11
       Sleeping          |       |       |     1 |       |       |       |       ||     1
       Confused          |       |       |       |     1 |     1 |       |       ||     2
Armor: Skin              |    24 |    25 |    58 |    79 |   266 |    72 |    28 ||   552
Dodge: Dodged            |    36 |    51 |   119 |   175 |   472 |   176 |    39 ||  1068
       Repelled          |       |       |       |       |     6 |    15 |       ||    21
Block: Kite shield       |       |       |       |    93 |   581 |   252 |    97 ||  1023

Table legend: (Time is in decaauts)
 A = Elapsed time spent in this place.
 B = Non-inter-level travel time spent in this place.
 C = Inter-level travel time spent in this place.
 D = Time resting spent in this place.
 E = Time spent auto-exploring this place.
 F = Levels seen in this place.
 G = Mean time per level.
                   A        B        C        D        E       F      G
               +--------+--------+--------+--------+--------+-----+--------+
         Total |  53401 |  49249 |   4152 |  12898 |  24244 |  35 | 1525.7 |
       Dungeon |  23018 |  20487 |   2531 |   5536 |  11115 |  15 | 1534.5 |
          Lair |   9444 |   8763 |    681 |   1961 |   4509 |   5 | 1888.8 |
        Shoals |   4284 |   3911 |    373 |    919 |   1454 |   4 | 1071.0 |
     Snake Pit |   7147 |   6882 |    265 |   1097 |   3709 |   4 | 1786.8 |
  Orcish Mines |   4173 |   3988 |    185 |   2255 |   1046 |   2 | 2086.5 |
   Elven Halls |   1537 |   1461 |     76 |    351 |    641 |   2 |  768.5 |
        Vaults |   2559 |   2521 |     38 |    450 |   1229 |   1 | 2559.0 |
         Sewer |   1047 |   1047 |      0 |    229 |    539 |   1 | 1047.0 |
    Desolation |    188 |    188 |      0 |     99 |      0 |   1 |  188.0 |
               +--------+--------+--------+--------+--------+-----+--------+

Top non-repeatable levels by time:
 Snake:4: 2725 daAuts
Vaults:1: 2559 daAuts
   Orc:2: 2542 daAuts
    D:14: 2454 daAuts
 Snake:3: 2280 daAuts
  Lair:5: 2263 daAuts
  Lair:3: 2245 daAuts
    D:12: 2182 daAuts
     D:9: 2181 daAuts
  Lair:1: 1985 daAuts
  Lair:2: 1800 daAuts
     D:7: 1790 daAuts
    D:11: 1762 daAuts
     D:5: 1675 daAuts
   Orc:1: 1631 daAuts
